 Dungeon Crawl Stone Soup version 0.32-a0-330-g213d367 (webtiles) character file.

Game seed: 306605396482168402

11643 skewfiend the Cleaver (level 11, -7/77 (97) HPs)
             Began as a Mountain Dwarf Monk on Feb 16, 2024.
             Was a Priest of Ru.
             Mangled by a spectral orc knight
             ... wielding a +4 halberd
             ... summoned by Nergalle
              (19 damage)
             ... on level 10 of the Dungeon.
             The game lasted 00:28:03 (8969 turns).

skewfiend the Cleaver (Mountain Dwarf Monk)         Turns: 8969, Time: 00:28:04

HP:   -7/77 (97)    AC: 18    Str: 18    XL:     11   Next: 52%
MP:   11/11         EV:  7    Int: 11    God:    Ru [***...]
Gold: 428           SH:  0    Dex: 12    Spells: 10/10 levels left

rFire   . . .        b - +1 morningstar (venom)
rCold   . . .        d - orb {light}
rNeg    . . .        l - +0 plate armour
rPois   .            (no helmet)
rElec   .            (no cloak)
rCorr   .            i - +0 pair of gloves
SInv    +            g - +2 pair of boots
Will    +....        z - amulet of the acrobat Stlth
                     u - ring of see invisible
HPRegen 0.32/turn    (no ring)
MPRegen 0.12/turn

%: acrobat
@: exhausted, glowing, heavily drained
A: inability to read after injury 2, no stealth, no fire magic, no necromancy
magic, no alchemy magic, runic magic, artefact enchanting
a: Renounce Religion, Draw Out Power


You were on level 10 of the Dungeon.
You worshipped Ru.
Ru was most pleased with you.
You visited 2 branches of the dungeon, and saw 11 of its levels.

You collected 538 gold pieces.
You spent 110 gold pieces at shops.

Inventory:

Hand Weapons
 a - a +0 war axe
 b - a +1 morningstar of venom (weapon)
 e - a +1 heavy mace
 p - a +3 sling
 A - a +2 rapier of draining
 M - a +1 heavy trident
 N - a +4 trident of protection
Missiles
 k - 7 boomerangs
 n - 30 stones (quivered)
 O - a throwing net
 R - 14 poisoned darts
 W - 4 curare-tipped darts
Armour
 d - an orb of light (worn)
 g - a +2 pair of boots (worn)
 i - a +0 pair of gloves (worn)
 l - a +0 plate armour (worn)
 C - a +0 chain mail of cold resistance
 J - a +0 buckler
 Z - a +2 scale mail of cold resistance
Jewellery
 o - an amulet of magic regeneration
 u - a ring of see invisible (left hand)
 z - an amulet of the acrobat (around neck)
 L - a ring of ice
Wands
 P - a wand of mindburst (8)
 Q - a wand of paralysis (31)
 S - a wand of acid (9)
Scrolls
 m - a scroll of torment
 q - a scroll of revelation
 s - a scroll of enchant armour
 y - 2 scrolls of amnesia
 D - a scroll of immolation {unknown}
 H - 3 scrolls of poison
 I - 2 scrolls of blinking
 K - 3 scrolls of fear
 T - a scroll of brand weapon
 U - 2 scrolls of fog
 Y - a scroll of teleportation
Potions
 c - a potion of ambrosia
 f - 3 potions of mutation
 r - a potion of brilliance
 t - a potion of curing
 x - 2 potions of cancellation
 B - a potion of haste
 G - a potion of might
 V - a potion of berserk rage
 X - 2 potions of heal wounds


   Skills:
 + Level 9.4 Fighting
 * Level 13.7 Axes
 - Level 2.0 Throwing
 - Level 7.8 Armour
 - Level 5.4 Dodging
 * Level 7.3 Evocations


You had 10 spell levels left.
You didn't know any spells.
Your spell library contained the following spells:

 Spells                   Type           Power      Damage    Failure   Level
 Confusing Touch          Hex            0%         N/A       94%         3
 Summon Cactus Giant      Summ           0%         N/A       100%        6
 Foxfire                  Conj/Fire      Unusable   2x1d4     N/A         1
 Kiss of Death            Conj/Necr      Unusable   2d5       N/A         1
 Sting                    Conj/Alch      Unusable   1d3       N/A         1
 Mercury Vapours          Alch/Air       Unusable   N/A       N/A         2
 Scorch                   Fire           Unusable   2d5       N/A         2
 Dispel Undead            Necr           Unusable   3d6       N/A         4
 Flame Wave               Conj/Fire      Unusable   2d4       N/A         4
 Olgreb's Toxic Radiance  Alch           Unusable   N/A       N/A         4
 Plasma Beam              Fire/Air       Unusable   2x1d10    N/A         6
 Starburst                Conj/Fire      Unusable   6d3       N/A         6

Dungeon Overview and Level Annotations

Branches:
Dungeon (10/15)            Temple (1/1) D:7             Orc (0/2) D:10
   Lair: D:8-11

Altars:
Ashenzari
Cheibriados
Dithmenos
Elyvilon
Fedhas
Gozag
Hepliaklqana
Kikubaaqudgha
Makhleb
Nemelex Xobeh
Okawaru
Qazlal
Ru
Sif Muna
Trog
Uskayaw
Vehumet
Wu Jian
Xom
Yredelemnul
Zin
The Shining One
Beogh

Shops:
D:6 ?

Annotations:
D:8 2 runed translucent doors
D:10 Nergalle


Innate Abilities, Weirdness & Mutations

You sometimes lose the ability to read scrolls when taking damage.
You cannot be stealthy.
You cannot study or cast Fire magic.
You cannot study or cast Necromancy magic.
You cannot study or cast Alchemy magic.
Your spellcasting is much less encumbered by armour.
You can use scrolls of enchantment on lesser artefacts.


Message History

You hit Nergalle.
Nergalle is poisoned.
Nergalle is heavily wounded.
Nergalle hits you with a +0 dagger.
The spectral orc warrior hits you from afar with a +0 trident.
The spectral orc knight hits you but does no damage.
The spectral orc warrior hits you from afar with a +0 trident.
You feel drained.
You hit Nergalle but do no damage.
Nergalle looks as sick as possible!
Nergalle is heavily wounded.
Nergalle gestures at you while chanting.
The bolt of negative energy hits you!
You feel drained.
The spectral orc warrior hits you but does no damage.
The spectral orc knight hits you but does no damage.
The spectral orc warrior hits you from afar with a +0 trident.
You hit Nergalle.
Nergalle looks as sick as possible!
Nergalle is heavily wounded.
Nergalle hits you with a +0 dagger.
An electric eel comes into view.
The spectral orc warrior hits you from afar with a +0 trident.
The spectral orc knight hits you with a +4 halberd.
The spectral orc warrior completely misses you.
Nergalle hits you but does no damage.
You are restored by drawing out deep reserves of power within.
You feel drained.
The spectral orc warrior barely misses you.
The spectral orc warrior hits you from afar with a +0 trident!
You feel drained.
The spectral orc knight hits you with a +4 halberd!
* * * LOW HITPOINT WARNING * * *
You feel drained.
* * * LOW HITPOINT WARNING * * *
Nergalle hits you with a +0 dagger.
* * * LOW HITPOINT WARNING * * *
You barely miss Nergalle.
Nergalle is heavily wounded.
The spectral orc warrior hits you from afar with a +0 trident.
* * * LOW HITPOINT WARNING * * *
The spectral orc knight hits you with a +4 halberd!!
You die...
Ru respects your ultimate sacrifice.

...#..)..÷.....#
#..#.).##......#
#..#...##.###..#
#..#..)##.# .#
#......##.# #
#..##..##.# #..
#..##.#
#..##..##.###..
#......@o......
#.....Z........
#......~ZZ.~≈..
#.....~~.~.~~~.
#...~~≈~.~.~≈~.
......~≈≈~~.S≈~~
......~~≈≈~.≈≈≈.
......~≈~~.~≈~≈


You could see Nergalle (extremely poisoned), 2 spectral orc warriors, a spectral
orc knight (summoned) and an electric eel.

Vanquished Creatures
  Fannar (D:10)
  Maurice (D:8)
  Joseph (D:9)
  A gargoyle (D:10)
  A troll (D:10)
  Grinder (D:5)
  Sigmund (D:3)
  A wyvern (D:9)
  Grum (D:8)
  A steam dragon (D:9)
  2 ogres
  A black bear (D:6)
  3 orc warriors
  2 wolves (D:8)
  2 centaurs (D:6)
  2 kobold brigands (D:6)
  3 bullfrogs
  2 gnoll sergeants (D:6)
  4 scorpions
  4 wights (D:10)
  7 killer bees (D:9)
  8 howler monkeys
  3 orc priests
  9 hounds
  4 jellies
  A bombardier beetle (D:5)
  Jessica (D:3)
  3 orc wizards
  3 iguanas
  9 adders
  9 gnolls (D:6)
  A shadow imp (D:5)
  2 white imps
  4 ufetubi
  3 ribbon worms
  32 orcs
  2 endoplasms
  3 giant cockroaches
  7 goblins
  5 hobgoblins
  16 jackals
  15 kobolds
  5 quokkas
  7 ball pythons
  8 bats
  3 frilled lizards (D:2)
  5 rats
210 creatures vanquished.

Vanquished Creatures (others)
  A howler monkey (D:9)
  An orc (D:8)
2 creatures vanquished.

Grand Total: 212 creatures vanquished

Notes
Turn   | Place    | Note
-------+----------+-------------------------------------------
     0 | D:1      | skewfiend the Mountain Dwarf Monk began the quest for the
                  | Orb.
     0 | D:1      | Reached XP level 1. HP: 19/19 MP: 1/1
    54 | D:1      | Reached skill level 4 in Axes
   182 | D:1      | Reached XP level 2. HP: 24/26 MP: 2/2
   885 | D:1      | Reached XP level 3. HP: 33/33 MP: 3/3
  1127 | D:2      | Found a roughly hewn altar of Beogh.
  1163 | D:2      | Found a faded altar of an unknown god.
  1194 | D:2      | Prayed at the altar of an unknown god.
  1194 | D:2      | Became a worshipper of Ru the Awakened
  1214 | D:2      | Reached skill level 5 in Axes
  1214 | D:2      | Gained mutation: You occasionally lose the ability to read
                  | scrolls when taking damage. [Ru sacrifice]
  1214 | D:2      | Gained mutation: You sometimes lose the ability to read
                  | scrolls when taking damage. [Ru sacrifice]
  1214 | D:2      | Reached * piety under Ru
  1313 | D:2      | Reached XP level 4. HP: 29/40 MP: 4/4
  2086 | D:3      | Reached skill level 1 in Armour
  2134 | D:3      | You fall into a shaft and drop 2 floors!
  2134 | D:5      | Entered Level 5 of the Dungeon
  2158 | D:5      | Reached XP level 5. HP: 43/47 MP: 5/5
  2160 | D:5      | Noticed an ogre
  2164 | D:5      | Noticed Grinder
  2208 | D:4      | Reached skill level 6 in Axes
  2331 | D:3      | Noticed Sigmund
  2357 | D:3      | Killed Sigmund
  2358 | D:3      | Reached XP level 6. HP: 55/55 MP: 6/6
  2435 | D:3      | Noticed Jessica
  2451 | D:3      | Killed Jessica
  2538 | D:3      | Reached skill level 5 in Fighting
  2538 | D:3      | Reached skill level 7 in Axes
  3097 | D:4      | Reached XP level 7. HP: 52/61 MP: 7/7
  3238 | D:4      | Reached skill level 8 in Axes
  3906 | D:5      | Found a sacrificial altar of Ru.
  3906 | D:5      | Found a snail-covered altar of Cheibriados.
  3967 | D:5      | Gained mutation: You cannot study or cast Fire magic. [Ru
                  | sacrifice]
  3967 | D:5      | Gained mutation: You cannot study or cast Alchemy magic.
                  | [Ru sacrifice]
  3967 | D:5      | Gained mutation: You cannot study or cast Necromancy magic.
                  | [Ru sacrifice]
  3967 | D:5      | Reached ** piety under Ru
  4411 | D:5      | Killed Grinder
  4412 | D:5      | Reached skill level 9 in Axes
  4412 | D:5      | Reached XP level 8. HP: 71/71 MP: 8/8
  4690 | D:6      | Reached skill level 10 in Axes
  5010 | D:6      | Reached skill level 11 in Axes
  5286 | D:6      | Found Qimyumnu's Magic Scroll Shoppe.
  5349 | D:6      | Bought a scroll of identify for 22 gold pieces
  5349 | D:6      | Bought a scroll of identify for 22 gold pieces
  5349 | D:6      | Bought a scroll of amnesia for 44 gold pieces
  5349 | D:6      | Bought a scroll of identify for 22 gold pieces
  5678 | D:6      | Reached skill level 1 in Evocations
  5700 | D:6      | Reached XP level 9. HP: 74/81 MP: 9/9
  6360 | D:7      | Found a staircase to the Ecumenical Temple.
  6475 | Temple   | Entered the Ecumenical Temple
  6479 | D:7      | Gained mutation: You cannot be stealthy. [Ru sacrifice]
  6479 | D:7      | Reached *** piety under Ru
  6855 | D:8      | Found a large runed translucent door.
  6855 | D:8      | Found a large runed translucent door.
  6856 | D:8      | Noticed a red ugly thing
  6909 | D:8      | Noticed Maurice
  6916 | D:8      | Paralysed by Maurice for 4 turns
  6921 | D:8      | Maurice stole a +1 heavy trident
  6923 | D:8      | Killed Maurice
  6924 | D:8      | Reached skill level 12 in Axes
  6924 | D:8      | Reached skill level 1 in Throwing
  7024 | D:8      | Noticed Grum
  7035 | D:8      | Killed Grum
  7358 | D:8      | Noticed a kobold demonologist
  7359 | D:8      | Noticed a kobold demonologist
  7501 | D:8      | Found a shimmering altar of Xom.
  7501 | D:8      | Noticed a green ugly thing
  7609 | D:9      | Reached skill level 5 in Evocations
  7726 | D:9      | Reached XP level 10. HP: 35/90 MP: 10/10
  7959 | D:9      | Noticed Joseph
  7980 | D:9      | Killed Joseph
  7981 | D:9      | Reached skill level 13 in Axes
  8237 | D:10     | Entered Level 10 of the Dungeon
  8250 | D:10     | Noticed Fannar
  8265 | D:10     | Killed Fannar
  8441 | D:10     | Found a staircase to the Orcish Mines.
  8541 | D:10     | Noticed a gargoyle
  8701 | D:10     | Reached skill level 5 in Dodging
  8701 | D:10     | Reached XP level 11. HP: 86/97 MP: 11/11
  8855 | D:10     | Identified the +1 robe of Uluk {rF+}
  8959 | D:10     | Noticed Nergalle
  8969 | D:10     | Mangled by a spectral orc knight

Illustrated notes

Levels and vault maps discovered:
D:1:      saegor_arrival_simple_a, layout_basic
D:2:      layout_basic, hellmonk_ecumenical_altar_defaced_shrine
D:3:      layout_basic, grunt_decor_cap, uniq_sigmund, uniq_jessica
D:4:      layout_loops_ring, grunt_ministairs_1
D:5:      layout_basic, mainiacjoe_overflow_large_starburst, serial_rivers,
          chequers_serial_rivers_small_3, chequers_serial_rivers_micro_a,
          chequers_serial_rivers_micro_c, chequers_serial_rivers_small_b,
          chequers_serial_rivers_large_b, chequers_serial_rivers_large_a,
          uniq_grinder
D:6:      layout_basic, roderic_roman_lattice, minivault_24,
          nicolae_stop_n_shop_2, st_stairs_7
D:7:      layout_loops_cross, temple_doors_cd
D:8:      due_chaos_kobolds, layout_basic, uniq_maurice, uniq_grum
D:9:      layout_gridville, minmay_tree_intersection, uniq_joseph
D:10:     layout_long_grid, erik_lair_island, minmay_orc_entry_temple_small,
          kennysheep_generic_room_10, uniq_urug, uniq_nergalle, uniq_fannar
Temple:   mainiacjoe_temple_cubbyholes

Skill      XL: |  1  2  3  4  5  6  7  8  9 10 |
---------------+-------------------------------+-----
Axes           | 4 5 6 7 9 11 12 13 | 13.7
Fighting       | 4 5 6 7 8 9 |  9.4
Armour         | 1 3 7 |  7.8
Evocations     | 1 5 7 |  7.3
Throwing       | 2 |  2.0
Dodging        | 5 |  5.4

Action                     |  1- 3 |  4- 6 |  7- 9 | 10-12 || total
---------------------------+-------+-------+-------+-------++-------
  Melee: Hand axe          |    83 |   116 |       |       ||   199
         Morningstar       |       |    24 |   253 |    63 ||   340
         War axe           |       |       |    12 |    17 ||    29
  Throw: Boomerang         |       |     1 |     6 |       ||     7
         Stone             |       |       |    21 |       ||    21
         Dart              |       |       |     3 |       ||     3
 Invoke: Sacrifice Words   |     1 |       |       |       ||     1
         Sacrifice Arcana  |       |       |     1 |       ||     1
         Draw Out Power    |       |       |     1 |     1 ||     2
         Sacrifice Stealth |       |       |     1 |       ||     1
  Evoke: Wand              |       |       |     4 |     6 ||    10
    Use: Scroll            |       |     3 |    10 |     5 ||    18
         Potion            |       |     1 |     1 |     1 ||     3
   Stab: Distracted        |       |       |     2 |       ||     2
         Invisible         |       |       |       |     1 ||     1
 Armour: Robe              |    20 |       |       |       ||    20
         Leather armour    |    17 |       |       |       ||    17
         Plate armour      |    38 |   169 |   298 |    81 ||   586
  Dodge: Dodged            |    37 |    26 |   105 |    38 ||   206

Table legend: (Time is in decaauts)
 A = Elapsed time spent in this place.
 B = Non-inter-level travel time spent in this place.
 C = Inter-level travel time spent in this place.
 D = Time resting spent in this place.
 E = Time spent auto-exploring this place.
 F = Levels seen in this place.
 G = Mean time per level.
                   A        B        C        D        E       F      G
               +--------+--------+--------+--------+--------+-----+--------+
         Total |   9075 |   8789 |    286 |    566 |   6545 |  11 |  825.0 |
       Dungeon |   9073 |   8788 |    285 |    566 |   6545 |  10 |  907.3 |
        Temple |      1 |      1 |      0 |      0 |      0 |   1 |    1.0 |
               +--------+--------+--------+--------+--------+-----+--------+

Top non-repeatable levels by time:
     D:6: 1270 daAuts
     D:1: 1101 daAuts
     D:5: 1094 daAuts
     D:3: 942 daAuts
     D:4: 927 daAuts
     D:2: 832 daAuts
     D:8: 771 daAuts
    D:10: 730 daAuts
     D:9: 722 daAuts
     D:7: 681 daAuts
  Temple: 1 daAuts
